 Dungeon Crawl Stone Soup version 0.25-a0-58-g9dd530fc12 (console) character file.

Game seed: 14290205602686349037, levelgen mode: deterministic

11484 utis the Fighter (level 11, -9/76 HPs)
             Began as a Tengu Wanderer on Oct 26, 2019.
             Mangled by a manticore (16 damage)
             ... on level 11 of the Dungeon.
             The game lasted 00:40:34 (18039 turns).

utis the Fighter (Tengu Wanderer)                  Turns: 18039, Time: 00:40:35

Health: -9/76      AC: 16    Str: 18 (19) XL:     11   Next: 78%
Magic:  12/12      EV: 11    Int:  6 (9)  God:
Gold:   429        SH:  4    Dex: 13 (14) Spells: 10/10 levels left

rFire    . . .     SeeInvis .   o - +0 morningstar (vamp)
rCold    + . .     Gourm    .   p - +0 buckler
rNeg     . . .     Faith    .   N - +0 plate armour
rPois    .         Spirit   .   (helmet restricted)
rElec    .         Reflect  .   (no cloak)
rCorr    .         Harm     .   q - +0 pair of gloves
MR       .....                  (boots unavailable)
Stlth    ..........             r - amulet of magic regeneration {@e1}
HPRegen  0.22/turn              C - ring of protection from cold
MPRegen  0.38/turn              (no ring)

@: flying quickly and evasively, very slightly contaminated, invisible, quick
A: beak, talons 3, able to fly
a: Stop Flying


You were on level 11 of the Dungeon.
You were hungry.

You visited 1 branch of the dungeon, and saw 11 of its levels.

You collected 429 gold pieces.

Inventory:

Hand Weapons
 a - a +3 dagger of venom
 h - a +0 whip
 i - a +0 battleaxe
 l - a +0 short sword
 n - a +0 club
 o - a +0 vampiric morningstar (weapon)
 w - a +0 war axe of electrocution
 I - a +0 dire flail
Missiles
 k - 211 stones (quivered)
 B - a throwing net {=f}
Armour
 e - a +0 leather armour
 p - a +0 buckler (worn)
 q - a +0 pair of gloves (worn)
 s - a +0 chain mail
 A - a +0 ring mail
 H - a +0 pair of gloves
 N - a +0 plate armour (worn)
Jewellery
 c - an uncursed ring of ice
 r - an amulet of magic regeneration (around neck) {@e1}
 C - a ring of protection from cold (left hand)
 E - an uncursed amulet of the gourmand {unknown}
 F - an uncursed ring of fire
 K - an uncursed ring of see invisible {unknown}
Wands
 y - a wand of random effects (8)
 M - a wand of digging (6)
Scrolls
 b - a scroll of immolation {unknown}
 d - 2 scrolls of teleportation {@r4}
 g - 3 scrolls of amnesia
 t - a scroll of acquirement {unknown}
 u - a scroll of enchant weapon
 v - a scroll of fear
 z - a scroll of blinking {unknown}
 D - a scroll of remove curse {@r2}
Potions
 m - a potion of lignification
 J - a potion of brilliance {unknown}
Comestibles
 f - 13 rations {@e1}


   Skills:
 * Level 12.0 Fighting
 - Level 1.1 Short Blades
 * Level 6.8 Maces & Flails
 + Level 10.1 Armour
 + Level 9.7 Dodging
 + Level 2.5 Shields
 - Level 1.0 Evocations


You had 10 spell levels left.
You didn't know any spells.
Your spell library contained the following spells:

 Spells                   Type           Power        Failure   Level  Hunger
 Animate Skeleton         Necr           N/A          100%        1    ##.....
 Apportation              Tloc           #.....       100%        1    ##.....
 Confusing Touch          Hex            #.....       100%        1    ##.....
 Summon Small Mammal      Summ           #...         100%        1    ##.....


Dungeon Overview and Level Annotations

Branches:
Dungeon (11/15)            Temple (0/1) D:5            Lair (0/6) D:9
    Orc: D:9-12

Altars:
Ashenzari
Cheibriados
Dithmenos
Elyvilon
Fedhas
Kikubaaqudgha
Okawaru
Qazlal
Trog
Vehumet
Wu Jian
Zin

Annotations:
D:8 1 transporter, vurker's ghost, novice TrHu
D:11 2 transporters, Flugkiller's ghost, journeyman OpVM


Innate Abilities, Weirdness & Mutations

You have a beak for a mouth.
You have claws for feet.
You can fly continuously.


Message History

You barely miss the manticore.
You claw the manticore, but do no damage.
You peck the manticore, but do no damage.
The manticore is lightly wounded.
The manticore bites you but does no damage.
The manticore claws you.
* * * LOW HITPOINT WARNING * * *
The manticore claws you but does no damage.
You fade into invisibility!
The manticore bites you!!
* * * LOW HITPOINT WARNING * * *
The manticore closely misses you.
The manticore claws you but does no damage.
You are very lightly contaminated with residual magic.
Unknown command.
It was a potion of degeneration.
There was something very wrong with that liquid.
You feel weakened.
You feel dopey.
You feel clumsy. The manticore bites you!
You die...

.░░......░░░░.........░░░░...░░░░
............+.........'.....o....
░........░░░░.........░░░░.......
░.......░░ ░░.......░░ ░...░░░░
░░░...░░░ ░░.....░░ ░.░.░ ░...░
░░.➘)░░ ░.░.░░░ ░░.░░ ░░[░░
░.░...░ ░░░░.░░░ ░░░░H░░░░
░.░░░.░ ..<....░ ░..Q)...░ ░.░
░.░ .░░░.░.░ ░.░░░░░.░ ░.░░░.░░
.░ ░.░.░ ░.░ ░.░░░░░....... .░
░.░.░░░░░░░.░ ░..>........░░ .░
░...........░ ░.░░░░░░░░░░░ .░
░░░.░░░░░░░.░░░░░.░ .░ ░.░
░.......░ .░░░░░.░ ░░░░░░░░░
.....).░


You could see a manticore.

Vanquished Creatures
  A hydra (D:10)
  A two-headed ogre (D:10)
  2 skeletal warriors (D:11)
  An unseen horror (D:10)
  An elephant (D:8)
  Joseph (D:9)
  6 trolls
  4 hippogriffs
  A vampire (D:9)
  2 wyverns
  3 hungry ghosts
  A basilisk (D:9)
  Duvessa (D:6)
  2 sky beasts
  8 orc warriors
  An ice beast (D:6)
  2 phantoms
  5 ogres
  4 centaurs
  A crocodile (D:9)
  5 bullfrogs
  A gnoll sergeant (D:8)
  Dowan (D:6)
  4 scorpions
  9 killer bees
  7 wights
  3 howler monkeys
  7 crimson imps
  2 centaur zombies
  A bullfrog zombie (D:5)
  A centaur skeleton (D:11)
  2 jellies
  5 orc wizards
  A bullfrog skeleton (D:7)
  4 orc priests
  A gnoll shaman (D:4)
  2 hounds
  4 iguanas
  6 worker ants
  A killer bee zombie (D:9)
  A worker ant zombie (D:10)
  8 adders
  12 gnolls
  4 shadow imps
  2 oozes
  An adder zombie (D:5)
  2 adder skeletons
  3 worms
  4 dart slugs
  4 leopard geckos
  28 orcs
  6 giant cockroaches
  12 goblins
  9 hobgoblins
  13 jackals
  9 kobolds
  3 quokkas
  6 ball pythons
  4 bats
  6 frilled lizards
  A leopard gecko skeleton (D:7)
  A quokka skeleton (D:4)
  7 rats
261 creatures vanquished.

Notes
Turn   | Place    | Note
-------+----------+-------------------------------------------
     0 | D:1      | utis the Tengu Wanderer began the quest for the Orb.
     0 | D:1      | utis set off with the following items: a +0 club, 3
                  | throwing nets {=f}, a +0 ring mail, a scroll of
                  | teleportation {@r4}, a +0 leather armour, a ration {@e1}
     0 | D:1      | Reached XP level 1. HP: 12/12 MP: 2/2
   138 | D:1      | Reached XP level 2. HP: 18/18 MP: 3/3
   578 | D:1      | Reached XP level 3. HP: 21/22 MP: 4/4
   834 | D:1      | Found a shattered altar of Ashenzari.
   979 | D:1      | Reached skill level 3 in Fighting
  1336 | D:2      | Reached XP level 4. HP: 27/28 MP: 5/5
  2098 | D:3      | Gained mutation: You can fly continuously. [Tengu growth]
  2098 | D:3      | Reached XP level 5. HP: 33/33 MP: 6/6
  2259 | D:3      | Reached skill level 4 in Fighting
  3174 | D:4      | Noticed a phantom
  3270 | D:3      | ...
  3381 | D:4      | Reached XP level 6. HP: 31/39 MP: 7/7
  3943 | D:5      | Entered Level 5 of the Dungeon
  4677 | D:5      | Reached skill level 5 in Armour
  4777 | D:4      | Reached skill level 5 in Fighting
  5416 | D:4      | Reached XP level 7. HP: 44/44 MP: 8/8
  6037 | D:5      | Found a faded altar of an unknown god.
  6039 | D:5      | Found a staircase to the Ecumenical Temple.
  6077 | D:5      | Found a shattered altar of Ashenzari.
  6305 | D:6      | Reached skill level 5 in Dodging
  6353 | D:6      | Reached skill level 6 in Fighting
  6636 | D:6      | Reached XP level 8. HP: 40/52 MP: 9/9
  6668 | D:6      | Noticed Duvessa
  6672 | D:6      | Noticed Dowan
  6680 | D:6      | Killed Duvessa
  6873 | D:6      | Killed Dowan
  7195 | D:5      | Reached skill level 7 in Fighting
  7957 | D:5      | stupid
  8872 | D:7      | Reached skill level 8 in Fighting
  9092 | D:7      | Reached XP level 9. HP: 58/59 MP: 10/10
  9668 | D:7      | Found an iron altar of Okawaru.
  9884 | D:7      | Found a stormy altar of Qazlal.
  9884 | D:7      | Found a white marble altar of Elyvilon.
  9949 | D:7      | Reached skill level 9 in Fighting
 10309 | D:8      | Found a snail-covered altar of Cheibriados.
 10315 | D:8      | Found a transporter.
 10604 | D:8      | Found a bloodstained altar of Trog.
 10919 | D:8      | Noticed vurker's ghost (novice TrHu)
 10929 | D:8      | Identified the cursed +2 great mace "Mept" {venom, rPois
                  | rF+ MR+}
 10929 | D:8      | Noticed a two-headed ogre
 11251 | D:8      | Reached XP level 10. HP: 49/68 MP: 11/11
 11392 | D:8      | Found a glowing silver altar of Zin.
 11406 | D:8      | Found an ancient bone altar of Kikubaaqudgha.
 11414 | D:8      | Found a radiant altar of Vehumet.
 11415 | D:8      | Found a blossoming altar of Fedhas.
 11416 | D:8      | Found an ornate altar of the Wu Jian Council.
 11419 | D:8      | Found a shadowy altar of Dithmenos.
 11452 | D:9      | Noticed an elephant
 11455 | D:9      | Reached skill level 10 in Fighting
 11713 | D:8      | Killed an elephant
 11839 | D:9      | Noticed Joseph
 12519 | D:9      | Reached skill level 1 in Maces & Flails
 12534 | D:9      | Found a staircase to the Lair.
 12617 | D:9      | Killed Joseph
 12960 | D:9      | HP: 4/102 [killer bee (2)]
 13241 | D:9      | ...
 13451 | D:9      | Reached skill level 11 in Fighting
 13914 | D:9      | sh
 14295 | D:10     | Entered Level 10 of the Dungeon
 14333 | D:10     | Noticed a four-headed hydra
 14340 | D:10     | Killed a four-headed hydra
 14340 | D:10     | Reached skill level 5 in Maces & Flails
 14340 | D:10     | Reached XP level 11. HP: 31/74 MP: 12/12
 14571 | D:10     | Killed an unseen horror
 14732 | D:10     | Noticed a two-headed ogre
 16199 | D:11     | Noticed a manticore
 16264 | D:10     | Killed a two-headed ogre
 16974 | D:11     | Noticed Flugkiller's ghost (journeyman OpVM)
 16980 | D:11     | Found a transporter.
 17186 | D:11     | Found a transporter.
 17585 | D:11     | Reached skill level 10 in Armour
 17635 | D:11     | Noticed a skeletal warrior
 17635 | D:11     | Noticed a skeletal warrior
 17660 | D:11     | Killed a skeletal warrior
 17695 | D:10     | Reached skill level 12 in Fighting
 17968 | D:11     | Killed a skeletal warrior
 18039 | D:11     | Mangled by a manticore

Levels and vault maps discovered:
D:1:      saegor_arrival_simple_c, layout_rooms, nicolae_ashenzari_panopticon
D:2:      layout_basic
D:3:      layout_basic, minmay_misc_feat_four_crosses
D:4:      layout_loops_ring
D:5:      layout_rooms, overflow_temple_1_default,
          nicolae_temple_entry_ecumenical, first_ration, minmay_misc_feat_alley,
          minmay_misc_feat_rows
D:6:      layout_rooms, uniq_duvessa
D:7:      layout_gridville, gammafunk_temple_overflow_pools,
          kennysheep_little_box, grunt_ogre_cave
D:8:      layout_rooms, minitemple, lemuel_doored_altar, gammafunk_ghost_smash,
          cheibriados_altar_1
D:9:      layout_grid_maze, david_lair_generic, uniq_joseph
D:10:     layout_roguey
D:11:     layout_loops_corners, orc_0_dummy, gammafunk_ghost_arena,
          uniq_nergalle, uniq_maurice

Skill      XL: |  1  2  3  4  5  6  7  8  9 10 11 |
---------------+----------------------------------+-----
Dodging        | 2 3 4 5 6 8 9 |  9.7
Fighting       | 3 4 5 6 8 9 11 12 | 12.0
Armour         | 5 6 7 8 9 10 | 10.1
Maces & Flails | 5 6 |  6.8
Shields        | 2 |  2.5
Short Blades   | |  1.1
Evocations     | |  1.0

Action                   |  1- 3 |  4- 6 |  7- 9 | 10-12 || total
-------------------------+-------+-------+-------+-------++-------
Melee: Whip              |    49 |       |       |       ||    49
       Kick              |    24 |    77 |   118 |   134 ||   353
       Peck              |    13 |    48 |    82 |    89 ||   232
       Club              |     1 |       |       |       ||     1
       Dagger            |    33 |    98 |    25 |    50 ||   206
       Short sword       |    16 |       |       |       ||    16
       Mace              |       |   121 |   191 |       ||   312
       War axe           |       |       |   123 |   115 ||   238
       Morningstar       |       |       |       |   230 ||   230
Throw: Stone             |     3 |    14 |    21 |       ||    38
       Throwing net      |     1 |     2 |     1 |       ||     4
 Abil: Fly               |       |     1 |       |       ||     1
Evoke: Wand              |       |       |       |     2 ||     2
  Use: Scroll            |       |     6 |     3 |     4 ||    13
       Potion            |       |     1 |       |    10 ||    11
 Stab: Sleeping          |     1 |       |       |       ||     1
       Invisible         |       |     1 |       |       ||     1
       Held in net/web   |       |     1 |       |       ||     1
  Eat: Chunk             |     1 |    13 |    14 |    10 ||    38
       Ration            |       |       |     2 |     4 ||     6
Armor: Leather armour    |    14 |    14 |       |       ||    28
       Chain mail        |       |    59 |   164 |   164 ||   387
       Skin              |       |       |       |    36 ||    36
       Plate armour      |       |       |       |    43 ||    43
Dodge: Dodged            |    48 |   155 |   248 |   384 ||   835
Block: Buckler           |       |       |       |    53 ||    53

Table legend:
 A = Non-vault XP
 B = Vault XP
 C = Vault XP percentage of total XP
 D = Non-vault monster count
 E = Vault monster count
 F = Vault count percentage of total count
                 A         B        C        D         E       F
            +---------+---------+-------+---------+---------+-------
      Total |   14588 |    1818 |  11.1 |     253 |       8 |   3.1
            +---------+---------+-------+---------+---------+-------
        D:1 |      60 |       0 |   0.0 |      34 |       0 |   0.0
        D:2 |      94 |       0 |   0.0 |      30 |       0 |   0.0
        D:3 |     133 |       0 |   0.0 |      20 |       0 |   0.0
        D:4 |     295 |       0 |   0.0 |      19 |       0 |   0.0
        D:5 |     652 |       0 |   0.0 |      18 |       0 |   0.0
        D:6 |     466 |     221 |  32.2 |      15 |       2 |  11.8
        D:7 |    1486 |     118 |   7.4 |      22 |       1 |   4.3
        D:8 |    1181 |     489 |  29.3 |      19 |       1 |   5.0
        D:9 |    2861 |     990 |  25.7 |      28 |       4 |  12.5
       D:10 |    4901 |       0 |   0.0 |      33 |       0 |   0.0
       D:11 |    2459 |       0 |   0.0 |      15 |       0 |   0.0
            +---------+---------+-------+---------+---------+-------
